 Dungeon Crawl Stone Soup version 0.19-a0 (webtiles) character file.

1911 st0uf the Covered (level 9, -1/71 HPs)
             Began as a Formicid Abyssal Knight on Apr 27, 2016.
             Was an Elder of Lugonu.
             Slain by an orc warrior
             ... wielding a +0 battleaxe
              (24 damage)
             ... on level 7 of the Dungeon.
             The game lasted 00:34:51 (8162 turns).

st0uf the Covered (Formicid Abyssal Knight)         Turns: 8162, Time: 00:34:52

Health: -1/71      AC: 10    Str: 22 (24) XL:     9   Next: 38%
Magic:  10/10      EV: 17    Int: 10 (12) God:    Lugonu [****..]
Gold:   538        SH:  0    Dex: 13 (16) Spells: 1 memorised, 2 levels left

rFire  . . .     SeeInvis +     a - +1 falchion
rCold  + . .     Gourm    .     s - +0 scale mail (curse)
rNeg   . . .     Faith    .     (no shield)
rPois  .         Spirit   .     (helmet unavailable)
rElec  .         Dismiss  .     I - +1 cloak
rCorr  .         Reflect  .     (no gloves)
SustAt .         Harm     .     (no boots)
MR     .....                    (no amulet)
Stlth  ++........               z - +5 ring of strength
                                v - ring of protection from cold

@: agile, not resistant to hostile enchantments, unstealthy
A: permanent stasis, dig shafts and tunnels, four strong arms, antennae 3
a: Dig, Shaft Self, Depart the Abyss, Bend Space, Banish, Corrupt, Renounce
Religion


You were on level 7 of the Dungeon.
You worshipped Lugonu.
Lugonu was greatly pleased with you.
You were near starving.

You visited 2 branches of the dungeon, and saw 9 of its levels.
You visited the Abyss 1 time.

You collected 538 gold pieces.

Inventory:

Hand Weapons
 a - a +1 falchion (weapon)
 g - a +0 hunting sling
Missiles
 h - 45 sling bullets
 n - 261 stones (quivered)
 w - 8 javelins of penetration
Armour
 m - a +0 ring mail
 s - a cursed +0 scale mail (worn)
 I - a +1 cloak (worn)
Magical Staves
 C - an uncursed staff of earth {unknown}
Jewellery
 o - an uncursed amulet of regeneration
 v - a ring of protection from cold (left hand)
 z - a +5 ring of strength (right hand)
Wands
 y - a wand of random effects (28/48)
 A - a wand of heal wounds (3/9)
 B - a wand of lightning (3/15)
 H - a wand of flame (29/48)
 J - a wand of teleportation (4/9)
Scrolls
 b - a scroll of blinking {unknown}
 d - a scroll of vulnerability {unknown}
 i - 7 scrolls of remove curse {unknown}
 l - 2 scrolls of fog {unknown}
 p - 4 scrolls of random uselessness {unknown}
 q - 2 scrolls of teleportation {unknown}
 r - 2 scrolls of enchant armour {unknown}
 t - 13 scrolls of identify {unknown}
 x - a scroll of recharging {unknown}
 E - a scroll of amnesia {unknown}
 K - 2 scrolls of noise {unknown}
Potions
 e - 3 potions of haste
 j - 3 potions of curing
 D - a potion of degeneration
Books
 k - a book of Callings

   Spells                             Type                      Level
   a - Summon Small Mammal            Summoning                    1
   b - Call Imp                       Summoning                    2
   c - Call Canine Familiar           Summoning                    3
   d - Summon Guardian Golem          Hexes/Summoning              3
   e - Summon Lightning Spire         Summoning/Air                4
   f - Summon Ice Beast               Ice/Summoning                4
 F - Kikubaaqudgha's Handbook of Evil Magic
   (You found it on level 5 of the Dungeon)

   Spells                             Type                      Level
   a - Animate Skeleton               Necromancy                   1
 G - a book of Transfigurations

   Spells                             Type                      Level
   a - Irradiate                      Conjuration/Transmutation    5
   b - Statue Form                    Transmutation/Earth          6
   c - Hydra Form                     Transmutation                6
   d - Dragon Form                    Transmutation                7
Comestibles
 c - 4 bread rations
 f - 5 meat rations


   Skills:
 + Level 6.8 Fighting
 + Level 5.2 Long Blades
 + Level 0.2(0.7) Slings
 + Level 1.0 Throwing
 + Level 6.9 Armour
 + Level 5.0 Dodging
 - Level 2.4 Stealth
 * Level 1.3 Transmutations
 * Level 1.9 Earth Magic
 + Level 2.1 Invocations
 + Level 1.2 Evocations


You had 2 spell levels left.
You knew the following spells:

 Your Spells              Type           Power        Failure   Level  Hunger
a - Statue Form           Trmt/Erth      #........    100%        6    #######


Dungeon Overview and Level Annotations

Branches:
Dungeon (8/15)             Temple (1/1) D:5            Lair (0/8) D:8

Altars:
Fedhas
Kikubaaqudgha
Makhleb
Nemelex Xobeh
Pakellas
Sif Muna
Trog
Vehumet
Xom
Yredelemnul
Zin
The Shining One

Shops:
D:4 %

Annotations:
D:7 Mefis's ghost, novice DEWz
D:8 exclusion: upstairs


Innate Abilities, Weirdness & Mutations

You are under a permanent stasis effect.
You can dig through walls and to a lower floor.
Your four strong arms can wield two-handed weapons with a shield.
You have a pair of large antennae on your head (SInv).


Message History

It was a potion of agility.
You feel agile all of a sudden. The orc warrior misses you.
Drink which item? (? for menu, Esc to quit)
It was a potion of curing.
You feel better. The orc warrior barely misses you.
You barely miss the orc warrior.
The orc warrior is moderately wounded.
The orc warrior hits you with a battleaxe.
You hit the orc warrior but do no damage.
The orc warrior is moderately wounded.
You slash the orc warrior!
The orc warrior is severely wounded.
The orc warrior barely misses you.
You hit the orc warrior but do no damage.
The orc warrior is severely wounded.
The orc warrior hits you with a battleaxe.
You hit the orc warrior.
The orc warrior is severely wounded.
The orc warrior hits you with a battleaxe!!
You die...

#.# ##########.## ##.......#....
##### ###...####.#..##
#######...# #..........#...#
##.........# #.#...#.#...(..>
.#######...# #.........[...o. .#
##.## ###.......#..#.o## ##
######.## ##@#.{........#....
#.......####o##......o#.###{##
#.####..##.##.#.{....##.# #{# #.#
#..#.#...[.........# .o. #
#.####...##.#######.#####..o.. ##
#.#.....###'#####.#o# ......
.###....##.#.'_'.##....###...o.oo
.'...........#+#.........+.......
.###....##.###...##....###.......


You could see an orc warrior.

Vanquished Creatures
  The ghost of st0uf the Skirmisher, an amateur FoAK of Lugonu (D:4)
  A hungry ghost (D:4)
  2 ice beasts
  2 phantoms
  An ogre (D:4)
  A big kobold (D:7)
  A giant frog (D:6)
  2 scorpions
  2 crimson imps
  A howler monkey (D:4)
  A hound (D:5)
  A gnoll shaman (D:4)
  4 jellies
  An orc priest (D:3)
  An orc wizard (D:4)
  3 iguanas (D:4)
  Ijyb (D:3)
  4 worker ants
  2 hound skeletons (D:5)
  A worker ant zombie (D:7)
  9 gnolls
  10 adders
  A howler monkey skeleton (D:4)
  A shadow imp (D:5)
  An adder zombie (D:7)
  2 adder skeletons (D:5)
  3 worms
  A dart slug (D:2)
  9 giant geckos
  11 orcs
  9 bats
  5 giant cockroaches
  8 goblins
  8 hobgoblins
  14 jackals
  12 kobolds
  A quokka (D:6)
  A giant cockroach zombie (D:6)
  2 giant gecko skeletons
  4 giant newts
  6 rats
151 creatures vanquished.

Vanquished Creatures (others)
  2 orc wizards (D:7)
  2 orcs (D:7)
4 creatures vanquished.

Grand Total: 155 creatures vanquished

Notes
Turn   | Place    | Note
--------------------------------------------------------------
     0 | Abyss:1  | st0uf the Formicid Abyssal Knight began the quest for the Orb.
     0 | Abyss:1  | Reached XP level 1. HP: 18/18 MP: 2/2
    14 | Abyss:1  | Found a corrupted altar of Lugonu.
   112 | Abyss:1  | Noticed a quasit
   113 | Abyss:1  | Noticed a small abomination
   115 | D:1      | Escaped the Abyss
   273 | D:1      | Reached XP level 2. HP: 12/24 MP: 3/3
   772 | D:1      | Reached * piety under Lugonu
  1127 | D:1      | You fall through a shaft!
  1144 | D:2      | Reached XP level 3. HP: 30/30 MP: 4/4
  1453 | D:2      | Reached skill level 1 in Dodging
  1718 | D:2      | Reached XP level 4. HP: 37/37 MP: 5/5
  1753 | D:2      | Reached skill level 1 in Stealth
  1975 | D:2      | Reached ** piety under Lugonu
  2166 | D:3      | Found a glowing golden altar of the Shining One.
  2384 | D:3      | Reached XP level 5. HP: 14/43 MP: 6/6
  2920 | D:3      | Noticed Ijyb
  2962 | D:3      | Killed Ijyb
  3354 | D:3      | Reached XP level 6. HP: 25/50 MP: 7/7
  3594 | D:4      | Noticed an ogre
  3749 | D:4      | Found Pecsoso's Food Boutique.
  3749 | D:4      | Noticed a hungry ghost
  3784 | D:4      | Killed a hungry ghost
  3784 | D:4      | Reached skill level 5 in Fighting
  3784 | D:4      | Reached XP level 7. HP: 44/56 MP: 8/8
  3940 | D:4      | Reached *** piety under Lugonu
  4683 | D:4      | Noticed st0uf's ghost (amateur FoAK)
  4742 | D:4      | Killed st0uf's ghost
  4742 | D:4      | Reached skill level 5 in Armour
  4742 | D:4      | Reached XP level 8. HP: 44/64 MP: 9/9
  5290 | D:5      | Entered Level 5 of the Dungeon
  5569 | D:5      | Found a sparkling altar of Nemelex Xobeh.
  6095 | D:5      | Reached skill level 1 in Throwing
  6140 | D:5      | Found a blossoming altar of Fedhas.
  6149 | D:5      | Reached **** piety under Lugonu
  6152 | D:5      | Found a shimmering altar of Xom.
  6153 | D:5      | Found a burning altar of Makhleb.
  6155 | D:5      | Found a bloodstained altar of Trog.
  6236 | D:5      | Found a staircase to the Ecumenical Temple.
  6259 | Temple   | Entered the Ecumenical Temple
  6313 | D:5      | Found an ancient bone altar of Kikubaaqudgha.
  6313 | D:5      | Found a deep blue altar of Sif Muna.
  6315 | D:5      | Found a radiant altar of Vehumet.
  6319 | D:5      | Identified Kikubaaqudgha's Handbook of Evil Magic
  6383 | D:6      | Found an oddly glowing altar of Pakellas.
  6459 | D:6      | Reached XP level 9. HP: 66/71 MP: 10/10
  6639 | D:6      | Learned a level 6 spell: Statue Form
  6705 | D:6      | Found a glowing silver altar of Zin.
  6930 | D:6      | Reached skill level 5 in Long Blades
  6957 | D:6      | Reached skill level 1 in Earth Magic
  7069 | D:7      | Noticed Mefis's ghost (novice DEWz)
  7460 | D:7      | Reached skill level 1 in Transmutations
  7562 | D:7      | Reached skill level 1 in Evocations
  7890 | D:7      | Found a basalt altar of Yredelemnul.
  7974 | D:8      | Found a staircase to the Lair.
  8035 | D:7      | Reached skill level 5 in Dodging
  8162 | D:7      | Slain by an orc warrior

Vault maps used:
D:1:      lordsloth_arrival_two_stooges
D:3:      nicolae_tso_swordbearing_angel, uniq_iyjb
D:4:      kennysheep_six_static_rooms, serial_shops,
          nicolae_shop_scaring_up_business
D:5:      grunt_temple_overflow_magic_moments, lemuel_crystal_altar, minitemple,
          minmay_temple_entry_butterflies, first_bread,
          nemelex_spade_bored_becter
D:6:      zin_academy, lemuel_coloured_pillars_altar
D:7:      kennysheep_mini, nicolae_qazlal_eye_of_the_storm
D:8:      grunt_temple_overflow_opulence, lair_0_dummy, basic_altar
Temple:   hc_temple_tempest_star_small

Skill      XL: |  1  2  3  4  5  6  7  8  9 |
---------------+----------------------------+-----
Fighting       | 4 5 6 |  6.8
Dodging        | 1 2 3 4 5 |  5.0
Stealth        | 1 2 |  2.4
Armour         | 3 4 5 6 |  6.9
Long Blades    | 3 4 5 |  5.2
Throwing       | 1 |  1.0
Earth Magic    | 1 |  1.9
Transmutations | 1 |  1.3
Evocations     | 1 |  1.2
Slings         | |  0.2
Invocations    | |  2.1

Action                   |  1- 3 |  4- 6 |  7- 9 || total
-------------------------+-------+-------+-------++-------
Melee: Falchion          |   122 |   216 |   520 ||   858
 Fire: Hunting sling     |       |       |     6 ||     6
Throw: Stone             |       |       |    11 ||    11
Invok: Depart the Abyss  |     1 |       |       ||     1
 Abil: Dig               |       |     3 |     7 ||    10
Evoke: Wand              |       |     2 |     4 ||     6
  Use: Potion            |       |       |     3 ||     3
  Eat: Chunk             |     3 |     8 |    11 ||    22
       Fruit             |       |     2 |       ||     2
       Beef jerky        |       |     2 |       ||     2
       Meat ration       |       |       |     1 ||     1
Armor: Leather armour    |    34 |       |       ||    34
       Scale mail        |    19 |   124 |   225 ||   368
Dodge: Dodged            |    59 |   130 |   234 ||   423
